 Dungeon Crawl Stone Soup version 0.29-a0-925-g0a7a3d12f8 (webtiles) character file.

Game seed: 7303904023817768295

67 Newt the Stinger (level 4, -2/37 HPs)
             Began as a Naga Venom Mage on July 29, 2022.
             Splashed by a jelly's acid (9 damage)
             ... on level 3 of the Dungeon.
             The game lasted 00:05:25 (1464 turns).

Newt the Stinger (Naga Venom Mage)                  Turns: 1464, Time: 00:05:25

Health: -2/37      AC: -1    Str: 11    XL:     4   Next: 18%
Magic:  10/16      EV: 10    Int: 17    God:
Gold:   114        SH:  0    Dex: 11    Spells: 5/8 levels left

rFire   . . .      SeeInvis +   f - +2 dagger (elec)
rCold   . . .      Faith    .   (no shield)
rNeg    . . .      Spirit   .   a - +0 robe
rPois   +          Reflect  .   (no helmet)
rElec   .          Harm     .   (no cloak)
rCorr   .          Rampage  .   (no gloves)
Will    .....                   (no barding)
Stlth   ++........              (no amulet)
HPRegen 0.12/turn               d - ring of magical power
MPRegen 0.15/turn               (no ring)

@: corroded, very slow
A: AC +1, large, see invisible, deformed body, poison resistance, slowness 2,
spit poison 1, naga tail 1
a: Spit Poison


You were on level 3 of the Dungeon.
You visited 1 branch of the dungeon, and saw 3 of its levels.

You collected 114 gold pieces.

Inventory:

Hand Weapons
 f - a +2 dagger of electrocution (weapon)
Armour
 a - a +0 robe (worn)
Jewellery
 d - a ring of magical power (left hand)
 j - a ring of flight
Scrolls
 e - a scroll of poison {unknown}
 g - a scroll of magic mapping {unknown}
 i - 2 scrolls of blinking {unknown}
 l - 2 scrolls of noise {unknown}
 m - 2 scrolls of identify
 n - a scroll of amnesia {unknown}
Potions
 b - a potion of magic
 c - a potion of haste
 k - a potion of ambrosia {unknown}


   Skills:
 + Level 0.7 Fighting
 + Level 0.1 Short Blades
 + Level 1.9 Dodging
 + Level 3.3 Stealth
 + Level 2.5 Spellcasting
 + Level 1.8 Transmutations
 * Level 0.6 Air Magic
 + Level 4.7 Poison Magic


You had 5 spell levels left.
You knew the following spells:

 Your Spells              Type           Power      Damage    Failure   Level
a - Sting                 Tmut/Pois      52%        1d5       4%          1
b - Poisonous Vapours     Pois/Air       22%        N/A       10%         2

Your spell library contained the following spells:

 Spells                   Type           Power      Damage    Failure   Level
 Summon Small Mammal      Summ           8%         N/A       19%         1
 Mephitic Cloud           Conj/Pois/Air  8%         N/A       26%         3
 Olgreb's Toxic Radiance  Pois           18%        N/A       26%         4
 Call Canine Familiar     Summ           2%         N/A       50%         3
 Summon Guardian Golem    Hex/Summ       2%         N/A       50%         3
 Dispersal                Tloc           1%         N/A       100%        6
 Disjunction              Tloc           1%         N/A       100%        8


Dungeon Overview and Level Annotations

Branches:
Dungeon (3/15)

Altars:
Qazlal


Innate Abilities, Weirdness & Mutations

Your serpentine skin is tough. (AC +1)
You have supernaturally acute eyesight. (SInv)
Armour fits poorly on your strangely shaped body.
Your system is resistant to poisons. (rPois)
You cover ground very slowly.
You can spit poison.
You have a snake-like lower body.


Message History

The jelly is moderately wounded.
The jelly hits you. The acid corrodes you!
You are splashed with acid.
Aiming: Sting (safe; 4% risk of failure)
Press: ? - help, Q - select action, (/) - cycle Shift-Dir - straight line, f/p - jelly
Aim: a jelly (moderately wounded, very poisoned, 100% to hit)
The sting hits the jelly.
The jelly partially resists.
The jelly is moderately wounded.
The jelly hits you.
You are splashed with acid!
Aiming: Sting (safe; 4% risk of failure)
Press: ? - help, Q - select action, (/) - cycle Shift-Dir - straight line, f/p - jelly
Aim: a jelly (moderately wounded, very poisoned, 100% to hit)
The sting hits the jelly.
The jelly partially resists.
The jelly is heavily wounded.
The jelly hits you.
You are splashed with acid!
* * * LOW HITPOINT WARNING * * *
Okay, then.
You feel better. The jelly barely misses you.
Casting: Sting (safe; 4% risk of failure)
Confirm with . or Enter, or press ? or * to list all spells.
You can't see any susceptible monsters within range! (Use Z to cast anyway.) Unknown command.
Aiming: Sting (safe; 4% risk of failure)
Press: ? - help, Q - select action, (/) - cycle Shift-Dir - straight line, f/p - jelly
Aim: a jelly (heavily wounded, poisoned, 100% to hit)
The sting hits the jelly.
The jelly partially resists.
The jelly is heavily wounded.
The jelly hits you.
You are splashed with acid.
Aiming: Sting (safe; 4% risk of failure)
Press: ? - help, Q - select action, (/) - cycle Shift-Dir - straight line, f/p - jelly
Aim: a jelly (heavily wounded, poisoned, 100% to hit)
The sting hits the jelly.
The jelly partially resists.
The jelly is severely wounded.
The jelly hits you.
* * * LOW HITPOINT WARNING * * *
You are splashed with acid!
* * * LOW HITPOINT WARNING * * *
You feel better. The jelly hits you.
* * * LOW HITPOINT WARNING * * *
You are splashed with acid!
You die...

..# ... ..### ...
.... # ... ...#.##
.. .......
..#####.. .......
.........##J..#
##.........@#
............#
##..........#.#
............#.#
#..........#.#
#..........#.# #
#..........#.##.#.
.......##..........
..............##.#


You could see a jelly (poisoned).

Vanquished Creatures
  Jessica (D:3)
  3 dart slugs
  A worm (D:3)
  5 bats
  An endoplasm (D:1)
  2 giant cockroaches (D:3)
  3 goblins
  4 hobgoblins
  4 kobolds
  A quokka (D:1)
  A ball python (D:1)
  2 frilled lizards
  4 rats
32 creatures vanquished.

Notes
Turn   | Place    | Note
-------+----------+-------------------------------------------
     0 | D:1      | Newt the Naga Venom Mage began the quest for the Orb.
     0 | D:1      | Reached XP level 1. HP: 15/15 MP: 3/3
   153 | D:1      | Reached XP level 2. HP: 22/22 MP: 5/5
   719 | D:2      | Reached XP level 3. HP: 30/30 MP: 6/6
   779 | D:2      | Learned a level 2 spell: Poisonous Vapours
   937 | D:2      | Found a stormy altar of Qazlal.
  1198 | D:3      | Noticed Jessica
  1205 | D:3      | Killed Jessica
  1206 | D:3      | Reached XP level 4. HP: 35/37 MP: 6/7
  1464 | D:3      | Splashed by a jelly's acid

Illustrated notes

Levels and vault maps discovered:
D:1:      amcnicky_arrival_choice, layout_basic, kennysheep_nondescript
D:2:      layout_basic, basic_altar
D:3:      layout_basic, chequers_temple_overflow_statue_of_worship,
          hellmonk_ecumenical_altar_run_dry, uniq_jessica

Action                   |  1- 3 |  4- 6 || total
-------------------------+-------+-------++-------
Melee: Unarmed           |    20 |       ||    20
       Dagger            |     3 |     1 ||     4
 Cast: Sting             |    46 |    14 ||    60
       Poisonous Vapours |     2 |       ||     2
  Use: Scroll            |     2 |       ||     2
       Potion            |       |     2 ||     2
Armor: Robe              |     8 |       ||     8
Dodge: Dodged            |    28 |     2 ||    30

Table legend: (Time is in decaauts)
 A = Elapsed time spent in this place.
 B = Non-inter-level travel time spent in this place.
 C = Inter-level travel time spent in this place.
 D = Time resting spent in this place.
 E = Time spent auto-exploring this place.
 F = Levels seen in this place.
 G = Mean time per level.
                   A        B        C        D        E       F      G
               +--------+--------+--------+--------+--------+-----+--------+
         Total |   1852 |   1844 |      8 |     56 |   1340 |   3 |  617.3 |
       Dungeon |   1852 |   1844 |      8 |     56 |   1340 |   3 |  617.3 |
               +--------+--------+--------+--------+--------+-----+--------+

Top non-repeatable levels by time:
     D:1: 842 daAuts
     D:2: 682 daAuts
     D:3: 327 daAuts
